 Dungeon Crawl Stone Soup version 0.29-a0-575-g0dc89cf053 (webtiles) character file.

Game seed: 15492389195067937744

282 marklar909 the Skirmisher (level 6, 0/51 HPs)
             Began as a Palentonga Abyssal Knight on June 13, 2022.
             Was a Priest of Lugonu.
             Succumbed to a scorpion's poison
             ... on level 4 of the Dungeon.
             The game lasted 00:05:34 (3383 turns).

marklar909 the Skirmisher (PaAK)                    Turns: 3383, Time: 00:05:35

Health: 0/51       AC:  5    Str: 19    XL:     6   Next: 6%
Magic:  7/7        EV:  9    Int: 10    God:    Lugonu [***...]
Gold:   209        SH:  0    Dex: 10    Spells: 5/7 levels left

rFire   . . .      SeeInvis +   h - +2 club (spect)
rCold   . . .      Faith    .   (no shield)
rNeg    . . .      Spirit   .   b - +0 leather armour
rPois   .          Reflect  .   a - +0 helmet
rElec   .          Harm     .   (no cloak)
rCorr   .          Rampage  .   (no gloves)
Will    .....                   (no barding)
Stlth   +.........              (no amulet)
HPRegen 0.17/turn               (no ring)
MPRegen 0.10/turn               (no ring)

@: lethally poisoned (0 -> -9)
A: large, rugged brown scales 3, see invisible, deformed body, roll 1, armoured
tail
a: Rolling Charge, Renounce Religion, Depart the Abyss, Bend Space, Banish


You were on level 4 of the Dungeon.
You worshipped Lugonu.
Lugonu was most pleased with you.
You visited 1 branch of the dungeon, and saw 4 of its levels.
You visited the Abyss 1 time.

You collected 209 gold pieces.

Inventory:

Hand Weapons
 h - a +2 spectral club (weapon)
 q - a +0 morningstar
Armour
 a - a +0 helmet (worn)
 b - a +0 leather armour (worn)
Jewellery
 g - an amulet of magic regeneration
 o - a +6 ring of dexterity
Scrolls
 e - a scroll of magic mapping {unknown}
 f - 2 scrolls of identify {unknown}
 l - a scroll of fear {unknown}
Potions
 c - a potion of ambrosia {unknown}
 d - a potion of haste {unknown}
 i - a potion of cancellation
 j - a potion of lignification {unknown}
 k - 2 potions of curing {unknown}
 m - a potion of degeneration {unknown}
 n - a potion of berserk rage {unknown}
 p - a potion of resistance {unknown}


   Skills:
 + Level 4.1 Fighting
 + Level 3.5 Maces & Flails
 + Level 2.7 Armour
 + Level 1.3 Dodging
 + Level 0.4 Stealth
 * Level 1.2 Spellcasting
 * Level 1.3 Hexes
 + Level 2.4 Invocations


You had 5 spell levels left.
You knew the following spells:

 Your Spells              Type           Power      Damage    Failure   Level
a - Ensorcelled Hibernat  Hex/Ice        2%         N/A       43%         2

Your spell library contained the following spells:

 Spells                   Type           Power      Damage    Failure   Level
 Sting                    Tmut/Pois      0%         1d3       38%         1
 Passwall                 Tmut/Erth      0%         N/A       52%         2
 Poisonous Vapours        Pois/Air       0%         N/A       52%         2
 Swiftness                Air            0%         N/A       77%         3
 Olgreb's Toxic Radiance  Pois           0%         N/A       99%         4


Dungeon Overview and Level Annotations

Branches:
Dungeon (4/15)
 Temple: D:4-7

Altars:

Shops:
D:3 [*(

Annotations:
D:2 1 runed translucent door, Crazy Yiuf


Innate Abilities, Weirdness & Mutations

You are completely covered in rugged brown scales. (AC +3, +7% HP)
You have supernaturally acute eyesight. (SInv)
Armour fits poorly on your strangely shaped body.
You can roll at nearby foes to attack.
You have a long armoured tail.


Message History

You hit the scorpion.
Your tail-slap misses the scorpion.
The scorpion is severely wounded.
You feel sick. The scorpion stings you.
You hit the scorpion but do no damage.
The scorpion is severely wounded.
You feel sick. The scorpion stings you.
* * * LOW HITPOINT WARNING * * *
The scorpion stings you but does no damage.
Unknown command.
Unknown command.
You barely miss the scorpion.
The scorpion is severely wounded.
You feel sick. The scorpion closely misses you.
Unknown command.
You hit the scorpion.
The scorpion is almost dead.
You feel sick. The scorpion closely misses you.
Unknown command.
You hit the scorpion but do no damage.
You punch the scorpion, but do no damage.
The scorpion is almost dead.
You feel sick. The scorpion barely misses you. The scorpion stings you.
* * * LOW HITPOINT WARNING * * *
Unknown command.
You closely miss the scorpion.
The scorpion is almost dead.
You feel sick.
You are no longer poisoned.
The scorpion stings you.
* * * LOW HITPOINT WARNING * * *
You are lethally poisoned!
The scorpion poisons you!
You hit the scorpion but do no damage. You tail-slap the scorpion.
You kill the scorpion!
Lugonu accepts your kill.
* * * LOW HITPOINT WARNING * * *
You feel very sick.
You have reached level 6!
It was a potion of cancellation.
You feel magically purged.
You die...

#.. #.########?..
#.#...o.hos.. #
#.#!#####.###
#.#.#.#
=##.#.#.#.#####.
.................
....#.#)#.#####..
. .. #@#... #.
#####.# .. .# #.
# #


There were no monsters in sight!

Vanquished Creatures
  A scorpion (D:4)
  A hound (D:3)
  An orc priest (D:4)
  An orc wizard (D:2)
  Robin (D:1)
  5 adders
  A white imp (Abyss:1)
  3 worms
  8 orcs
  3 bats (D:2)
  2 endoplasms
  A giant cockroach (D:3)
  15 goblins
  8 hobgoblins
  2 quokkas
  5 ball pythons
  2 frilled lizards
  5 kobolds
  8 rats
73 creatures vanquished.

Notes
Turn   | Place    | Note
-------+----------+-------------------------------------------
     0 | Abyss:1  | marklar909 the Palentonga Abyssal Knight began the quest
                  | for the Orb.
     0 | Abyss:1  | Reached XP level 1. HP: 19/19 MP: 2/2
    41 | D:1      | Escaped the Abyss
   425 | D:1      | Reached skill level 1 in Dodging
   530 | D:1      | Reached XP level 2. HP: 24/25 MP: 3/3
  1156 | D:2      | Noticed Robin
  1159 | D:2      | Reached XP level 3. HP: 21/31 MP: 4/4
  1171 | D:1      | Killed Robin
  1493 | D:2      | Reached XP level 4. HP: 34/39 MP: 5/5
  1668 | D:2      | Reached *** piety under Lugonu
  1933 | D:1      | Learned a level 2 spell: Ensorcelled Hibernation
  2297 | D:2      | Found a runed translucent door.
  2298 | D:2      | Noticed Crazy Yiuf
  2660 | D:3      | Reached XP level 5. HP: 44/44 MP: 6/6
  2673 | D:3      | Found Karuacu's Armour Emporium.
  2691 | D:3      | Found Unidan's Assorted Antiques.
  2717 | D:3      | Found Mohiuv's Weapon Shop.
  2867 | D:3      | Reached skill level 4 in Fighting
  3244 | D:4      | Reached skill level 1 in Hexes
  3253 | D:3      | Reached skill level 1 in Spellcasting
  3382 | D:4      | HP: 2/44 [poisoned by a scorpion]
  3383 | D:4      | Reached XP level 6. HP: 2/51 MP: 7/7
  3383 | D:4      | Succumbed to a scorpion's poison

Illustrated notes

Levels and vault maps discovered:
D:1:      dpeg_arrival_fog, layout_basic
D:2:      layout_loops_ring, minmay_pentomino_q4, uniq_robin,
          uniq_crazy_yiuf_cottage
D:3:      layout_rooms, serial_rivers, chequers_serial_rivers_small_b,
          chequers_serial_rivers_small_3, chequers_serial_rivers_small_a,
          chequers_serial_rivers_room_a, serial_shops, nicolae_shop_crystal,
          nicolae_shop_temple_entry_statues_fountains, shop_statue
D:4:      corexii_shack_village, layout_basic, lemuel_crystal_altar,
          uniq_sigmund

Skill      XL: |  1  2  3  4  5 |
---------------+----------------+-----
Dodging        | 1 |  1.3
Armour         | 2 |  2.7
Maces & Flails | 3 |  3.5
Fighting       | 4 |  4.1
Hexes          | 1 |  1.3
Spellcasting   | 1 |  1.2
Stealth        | |  0.4
Invocations    | |  2.4

Action                   |  1- 3 |  4- 6 || total
-------------------------+-------+-------++-------
Melee: Mace              |    12 |       ||    12
       Whip              |    54 |    69 ||   123
       Tailslap          |     9 |    19 ||    28
       Club              |       |    65 ||    65
       Punch             |       |     3 ||     3
 Abil: Rolling Charge    |     2 |     1 ||     3
  Use: Potion            |       |     1 ||     1
Armor: Leather armour    |    19 |    48 ||    67
Dodge: Dodged            |    12 |    43 ||    55

Table legend: (Time is in decaauts)
 A = Elapsed time spent in this place.
 B = Non-inter-level travel time spent in this place.
 C = Inter-level travel time spent in this place.
 D = Time resting spent in this place.
 E = Time spent auto-exploring this place.
 F = Levels seen in this place.
 G = Mean time per level.
                   A        B        C        D        E       F      G
               +--------+--------+--------+--------+--------+-----+--------+
         Total |   3406 |   3119 |    287 |    850 |   1781 |   5 |  681.2 |
       Dungeon |   3364 |   3077 |    287 |    850 |   1781 |   4 |  841.0 |
         Abyss |     42 |     42 |      0 |      0 |      0 |   1 |   42.0 |
               +--------+--------+--------+--------+--------+-----+--------+

Top non-repeatable levels by time:
     D:1: 1546 daAuts
     D:2: 1067 daAuts
     D:3: 700 daAuts
     D:4: 49 daAuts
 Abyss:1: 42 daAuts
